2243 views
Uploaded 2022-08-29 00:06:49
Game version 1.33
26:51 long 3on3 ladder game on (6)ThunderLake_LV
Saved by Cabeelibob
2243 views
Uploaded 2022-08-29 00:06:49
Game version 1.33
26:51 long 3on3 ladder game on (6)ThunderLake_LV


90 units @ 8.6k
/ 1k
136 buildings @ 10.3k
/ 5.1k


| Boots of Speed | 2 | 500 |
| total: | 2 | 500g |
| Peasant | 26 | 1950 | / | 0 |
| Flying Machine | 16 | 1600 | / | 480 |
| Mortar Team | 1 | 180 | / | 70 |
| total: | 43 | 3730g | / | 550w |
| Scout Tower | 17 | 510 | / | 340 |
| Arcane Tower | 2 | 140 | / | 100 |
| Guard Tower | 9 | 630 | / | 450 |
| Altar of Kings | 1 | 180 | / | 50 |
| Farm | 10 | 800 | / | 200 |
| Lumber Mill | 1 | 120 | / | 0 |
| Town Hall | 1 | 385 | / | 205 |
| Blacksmith | 1 | 140 | / | 60 |
| Workshop | 3 | 420 | / | 420 |
| Keep | 1 | 320 | / | 210 |
| Castle | 1 | 360 | / | 210 |
| total: | 34 | 2555g | / | 1275w |
| 0:02 | Peasant |
| 0:02 | Peasant |
| 0:07 | Altar of Kings |
| 0:16 | Peasant |
| 0:21 | Farm |
| 0:23 | Peasant |
| 0:36 | Lumber Mill |
| 0:39 | Peasant |
| 0:51 | Peasant |
| 0:59 | Farm |
| 1:03 | Peasant |
| 1:12 | Scout Tower |
| 1:15 | Peasant |
| 1:30 | Peasant |
| 1:40 | Arcane Tower |
| 1:41 | Peasant |
| 1:43 | Improved Lumber Harvesting |
| 1:54 | Peasant |
| 2:02 | Scout Tower |
| 2:11 | Storm Bolt |
| 2:13 | Peasant |
| 2:39 | Guard Tower |
| 2:41 | Scout Tower |
| 2:41 | Scout Tower |
| 2:42 | Peasant |
| 2:43 | Peasant |
| 2:46 | Improved Masonry |
| 3:19 | Peasant |
| 3:20 | Scout Tower |
| 3:20 | Guard Tower |
| 3:53 | Town Hall |
| 3:57 | Scout Tower |
| 4:02 | Scout Tower |
| 4:13 | Guard Tower |
| 4:20 | Farm |
| 4:20 | Farm |
| 4:30 | Arcane Tower |
| 4:56 | Guard Tower |
| 5:08 | Bash |
| 5:13 | Peasant |
| 5:15 | Keep |
| 5:26 | Scout Tower |
| 5:27 | Scout Tower |
| 5:29 | Peasant |
| 6:08 | Scout Tower |
| 6:08 | Scout Tower |
| 6:29 | Scout Tower |
| 6:32 | Scout Tower |
| 6:33 | Guard Tower |
| 6:37 | Scout Tower |
| 6:37 | Scout Tower |
| 6:51 | Guard Tower |
| 7:11 | Guard Tower |
| 7:48 | Advanced Masonry |
| 7:48 | Advanced Lumber Harvesting |
| 8:25 | Castle |
| 8:48 | Blacksmith |
| 9:06 | Scout Tower |
| 9:07 | Scout Tower |
| 9:08 | Guard Tower |
| 9:26 | Peasant |
| 9:26 | Peasant |
| 9:26 | Peasant |
| 9:27 | Peasant |
| 9:45 | Workshop |
| 9:52 | Holy Light |
| 10:03 | Black Gunpowder |
| 11:05 | Fragmentation Shards |
| 11:06 | Flying Machine |
| 11:07 | Flying Machine Bombs |
| 11:08 | Flare |
| 11:13 | Peasant |
| 11:13 | Peasant |
| 11:13 | Peasant |
| 11:16 | Peasant |
| 11:16 | Peasant |
| 11:22 | Workshop |
| 11:29 | Workshop |
| 11:57 | Refined Gunpowder |
| 12:16 | Guard Tower |
| 12:53 | Flak Cannons |
| 13:05 | Iron Plating |
| 13:07 | Mortar Team |
| 13:12 | Farm |
| 13:12 | Farm |
| 13:13 | Farm |
| 13:14 | Farm |
| 13:40 | Imbued Gunpowder |
| 13:53 | Storm Bolt |
| 14:04 | Farm |
| 14:05 | Farm |
| 14:32 | Imbued Masonry |
| 14:51 | Boots of Speed |
| 14:51 | Boots of Speed |
| 15:07 | Flying Machine |
| 15:07 | Flying Machine |
| 15:07 | Flying Machine |
| 15:07 | Flying Machine |
| 15:07 | Flying Machine |
| 15:08 | Flying Machine |
| 15:08 | Flying Machine |
| 15:33 | Flying Machine |
| 15:34 | Flying Machine |
| 16:01 | Flying Machine |
| 16:01 | Flying Machine |
| 16:12 | Steel Plating |
| 17:23 | Flying Machine |
| 17:32 | Mithril Plating |
| 18:15 | Flying Machine |
| 18:20 | Flying Machine |
| 18:21 | Flying Machine |
| 21:08 | Storm Bolt |
| 21:14 | Divine Shield |
| 25:56 | Holy Light |
| Right click | 814 |
| Select group | 355 |
| Select | 301 |
| Build/train/purchase | 97 |
| Misc. action | 68 |
| Use ability | 57 |
| Assign group | 10 |
| Resource trade | 10 |
| Item give/drop | 4 |
| Remove unit | 4 |
| Esc | 1 |


| Peasant | 24 | 1800 | / | 0 |
| Dragonhawk Rider | 3 | 600 | / | 90 |
| total: | 27 | 2400g | / | 90w |
| Scout Tower | 61 | 1830 | / | 1220 |
| Arcane Tower | 10 | 700 | / | 500 |
| Guard Tower | 14 | 980 | / | 700 |
| Altar of Kings | 1 | 180 | / | 50 |
| Farm | 10 | 800 | / | 200 |
| Lumber Mill | 2 | 240 | / | 0 |
| Town Hall | 2 | 770 | / | 410 |
| Arcane Vault | 1 | 130 | / | 30 |
| Barracks | 1 | 160 | / | 60 |
| Blacksmith | 2 | 280 | / | 120 |
| Gryphon Aviary | 1 | 140 | / | 150 |
| Arcane Sanctum | 1 | 150 | / | 140 |
| Keep | 1 | 320 | / | 210 |
| Castle | 1 | 360 | / | 210 |
| total: | 82 | 4680g | / | 2380w |
| 0:02 | Peasant |
| 0:03 | Peasant |
| 0:08 | Altar of Kings |
| 0:11 | Farm |
| 0:13 | Farm |
| 0:14 | Peasant |
| 0:26 | Peasant |
| 0:44 | Lumber Mill |
| 0:50 | Peasant |
| 0:52 | Scout Tower |
| 1:02 | Farm |
| 1:09 | Peasant |
| 1:27 | Peasant |
| 1:39 | Arcane Tower |
| 1:43 | Peasant |
| 1:46 | Improved Lumber Harvesting |
| 1:48 | Peasant |
| 1:54 | Peasant |
| 2:08 | Peasant |
| 2:21 | Storm Bolt |
| 2:37 | Peasant |
| 2:39 | Peasant |
| 2:39 | Peasant |
| 3:02 | Town Hall |
| 3:10 | Scout Tower |
| 3:15 | Scout Tower |
| 3:19 | Peasant |
| 3:31 | Improved Masonry |
| 4:01 | Scout Tower |
| 4:01 | Scout Tower |
| 4:02 | Scout Tower |
| 4:03 | Scout Tower |
| 4:03 | Scout Tower |
| 4:04 | Scout Tower |
| 4:04 | Scout Tower |
| 4:05 | Scout Tower |
| 4:06 | Scout Tower |
| 4:11 | Bash |
| 4:20 | Keep |
| 4:28 | Guard Tower |
| 4:33 | Peasant |
| 4:39 | Peasant |
| 4:43 | Guard Tower |
| 5:08 | Guard Tower |
| 5:10 | Guard Tower |
| 5:15 | Scout Tower |
| 5:15 | Scout Tower |
| 5:16 | Scout Tower |
| 5:17 | Scout Tower |
| 5:18 | Scout Tower |
| 5:18 | Scout Tower |
| 5:43 | Peasant |
| 5:43 | Peasant |
| 5:55 | Scout Tower |
| 6:00 | Scout Tower |
| 6:01 | Scout Tower |
| 6:05 | Guard Tower |
| 6:14 | Scout Tower |
| 6:15 | Scout Tower |
| 6:21 | Scout Tower |
| 6:45 | Advanced Masonry |
| 6:51 | Guard Tower |
| 6:55 | Guard Tower |
| 7:02 | Scout Tower |
| 7:04 | Scout Tower |
| 7:06 | Scout Tower |
| 7:08 | Scout Tower |
| 7:10 | Scout Tower |
| 7:18 | Scout Tower |
| 7:21 | Scout Tower |
| 7:49 | Guard Tower |
| 8:08 | Scout Tower |
| 8:11 | Scout Tower |
| 8:12 | Scout Tower |
| 8:12 | Scout Tower |
| 8:16 | Scout Tower |
| 8:25 | Scout Tower |
| 8:35 | Holy Light |
| 8:47 | Castle |
| 8:52 | Guard Tower |
| 8:57 | Scout Tower |
| 9:06 | Peasant |
| 9:06 | Peasant |
| 9:10 | Scout Tower |
| 9:11 | Scout Tower |
| 9:13 | Scout Tower |
| 9:43 | Guard Tower |
| 9:48 | Scout Tower |
| 9:51 | Scout Tower |
| 9:52 | Scout Tower |
| 9:53 | Scout Tower |
| 9:59 | Scout Tower |
| 9:59 | Scout Tower |
| 10:00 | Scout Tower |
| 10:01 | Scout Tower |
| 10:01 | Scout Tower |
| 10:02 | Scout Tower |
| 10:26 | Gryphon Aviary |
| 10:35 | Arcane Tower |
| 10:39 | Arcane Tower |
| 10:41 | Arcane Tower |
| 10:57 | Arcane Vault |
| 11:05 | Arcane Sanctum |
| 11:36 | Arcane Tower |
| 11:37 | Arcane Tower |
| 11:40 | Guard Tower |
| 11:42 | Scout Tower |
| 11:43 | Scout Tower |
| 11:43 | Scout Tower |
| 12:19 | Scout Tower |
| 12:20 | Scout Tower |
| 12:21 | Scout Tower |
| 12:22 | Scout Tower |
| 12:26 | Arcane Tower |
| 12:29 | Scout Tower |
| 12:30 | Scout Tower |
| 13:03 | Scout Tower |
| 13:38 | Cloud |
| 13:40 | Magic Sentry |
| 13:41 | Sorceress Adept Training |
| 13:46 | Barracks |
| 13:55 | Arcane Tower |
| 13:57 | Guard Tower |
| 14:05 | Arcane Tower |
| 14:07 | Arcane Tower |
| 14:16 | Guard Tower |
| 14:22 | Blacksmith |
| 14:32 | Blacksmith |
| 15:39 | Sorceress Master Training |
| 15:52 | Imbued Masonry |
| 15:56 | Studded Leather Armor |
| 15:57 | Animal War Training |
| 16:00 | Lumber Mill |
| 16:18 | Guard Tower |
| 16:45 | Farm |
| 16:46 | Farm |
| 16:47 | Farm |
| 16:50 | Farm |
| 17:16 | Farm |
| 17:55 | Dragonhawk Rider |
| 17:55 | Dragonhawk Rider |
| 17:55 | Dragonhawk Rider |
| 18:01 | Farm |
| 18:01 | Farm |
| 19:04 | Town Hall |
| 20:59 | Divine Shield |
| 23:15 | Peasant |
| 23:15 | Peasant |
| 23:16 | Peasant |
| 24:18 | Holy Light |
| 25:04 | Bash |
| Right click | 826 |
| Select group | 432 |
| Select | 376 |
| Build/train/purchase | 79 |
| Use ability | 25 |
| Assign group | 16 |
| Resource trade | 11 |
| Minimap ping | 10 |
| Chat | 4 |
| Misc. action | 3 |
| Item give/drop | 1 |
| Esc | 1 |
Cabeelibob
(194)
(26:50) : 
| Healing Salve | 2 | 200 |
| Lesser Clarity Potion | 4 | 280 |
| Orb of Lightning | 1 | 375 |
| Potion of Mana | 2 | 400 |
| Staff of Teleportation | 1 | 150 |
| Boots of Speed | 1 | 250 |
| Claws of Attack +6 | 2 | 250 |
| Staff of Silence | 1 | 600 |
| Pendant of Mana | 1 | 600 |
| total: | 15 | 3105g |
| Peon | 10 | 750 | / | 0 |
| Troll Witch Doctor | 8 | 1160 | / | 200 |
| Kodo Beast | 2 | 510 | / | 120 |
| total: | 20 | 2420g | / | 320w |
| Watch Tower | 9 | 990 | / | 720 |
| Altar of Storms | 1 | 180 | / | 50 |
| Orc Burrow | 3 | 480 | / | 120 |
| War Mill | 2 | 410 | / | 0 |
| Voodoo Lounge | 1 | 130 | / | 30 |
| Great Hall | 1 | 385 | / | 185 |
| Barracks | 1 | 180 | / | 50 |
| Spirit Lodge | 1 | 150 | / | 150 |
| Beastiary | 1 | 145 | / | 140 |
| Stronghold | 2 | 630 | / | 380 |
| Fortress | 1 | 325 | / | 190 |
| total: | 20 | 3050g | / | 1445w |
| 0:04 | Altar of Storms |
| 0:05 | Orc Burrow |
| 0:07 | Peon |
| 0:17 | Peon |
| 0:40 | War Mill |
| 0:47 | Peon |
| 1:02 | Peon |
| 1:11 | Peon |
| 1:19 | Peon |
| 1:38 | Orc Burrow |
| 1:40 | Peon |
| 2:04 | Peon |
| 2:10 | Wind Walk |
| 2:16 | Voodoo Lounge |
| 2:34 | Peon |
| 2:35 | Peon |
| 2:42 | Watch Tower |
| 3:13 | Stronghold |
| 3:31 | Healing Salve |
| 4:01 | Great Hall |
| 4:06 | Orc Burrow |
| 4:13 | Critical Strike |
| 4:52 | Watch Tower |
| 4:55 | Watch Tower |
| 5:49 | Watch Tower |
| 6:38 | Spiked Barricades |
| 8:06 | Lesser Clarity Potion |
| 8:08 | Healing Salve |
| 8:15 | Watch Tower |
| 8:15 | Watch Tower |
| 8:17 | Watch Tower |
| 8:18 | Watch Tower |
| 8:21 | Watch Tower |
| 8:58 | Staff of Teleportation |
| 8:59 | Boots of Speed |
| 9:23 | Claws of Attack +6 |
| 9:47 | Stronghold |
| 12:16 | Fortress |
| 12:22 | Spirit Lodge |
| 12:26 | Reinforced Defenses |
| 12:55 | Lesser Clarity Potion |
| 13:16 | Staff of Silence |
| 13:18 | Claws of Attack +6 |
| 13:48 | Witch Doctor Adept Training |
| 13:55 | Beastiary |
| 14:30 | Pendant of Mana |
| 15:23 | Lesser Clarity Potion |
| 15:28 | Orb of Lightning |
| 15:39 | Potion of Mana |
| 16:28 | Improved Spiked Barricades |
| 16:37 | Witch Doctor Master Training |
| 16:37 | Troll Witch Doctor |
| 16:37 | Troll Witch Doctor |
| 16:37 | Troll Witch Doctor |
| 16:38 | Troll Witch Doctor |
| 16:41 | War Drums Damage Increase |
| 16:41 | Liquid Fire |
| 16:55 | Barracks |
| 17:24 | Critical Strike |
| 19:04 | War Mill |
| 19:47 | Kodo Beast |
| 19:49 | Kodo Beast |
| 19:52 | Troll Regeneration |
| 20:32 | Wind Walk |
| 22:30 | Potion of Mana |
| 22:32 | Lesser Clarity Potion |
| 23:59 | Critical Strike |
| 25:50 | Troll Witch Doctor |
| 25:51 | Troll Witch Doctor |
| 25:51 | Troll Witch Doctor |
| 25:51 | Troll Witch Doctor |
| Right click | 700 |
| Select | 144 |
| Select group | 94 |
| Build/train/purchase | 91 |
| Misc. action | 73 |
| Resource trade | 49 |
| Item give/drop | 15 |
| Use ability | 14 |
| Minimap ping | 5 |
| Assign group | 1 |
| Remove unit | 1 |
169 units @ 23.3k
/ 2.5k
69 buildings @ 10k
/ 4.7k


| Wisp | 27 | 1620 | / | 0 |
| Huntress | 28 | 5460 | / | 560 |
| Druid of the Talon | 6 | 870 | / | 120 |
| Dryad | 5 | 725 | / | 300 |
| total: | 66 | 8675g | / | 980w |
| Altar of Elders | 1 | 180 | / | 50 |
| Moon Well | 8 | 1440 | / | 320 |
| Hunter's Hall | 1 | 210 | / | 100 |
| Ancient of War | 2 | 300 | / | 120 |
| Tree of Life | 1 | 340 | / | 185 |
| Ancient of Wind | 1 | 150 | / | 140 |
| Ancient of Lore | 3 | 465 | / | 435 |
| Chimaera Roost | 1 | 140 | / | 190 |
| Tree of Ages | 3 | 960 | / | 540 |
| Tree of Eternity | 1 | 330 | / | 200 |
| total: | 18 | 3225g | / | 1540w |
| 0:04 | Altar of Elders |
| 0:05 | Wisp |
| 0:06 | Wisp |
| 0:16 | Moon Well |
| 0:23 | Wisp |
| 0:40 | Wisp |
| 0:40 | Wisp |
| 1:13 | Hunter's Hall |
| 1:17 | Wisp |
| 1:39 | Ancient of War |
| 1:42 | Wisp |
| 1:42 | Wisp |
| 2:00 | Ancient of War |
| 2:13 | Wisp |
| 2:15 | Wisp |
| 2:29 | Searing Arrows |
| 2:42 | Moon Well |
| 2:53 | Huntress |
| 2:53 | Huntress |
| 3:37 | Moon Well |
| 3:39 | Huntress |
| 4:07 | Huntress |
| 4:28 | Huntress |
| 4:51 | Moon Well |
| 5:11 | Huntress |
| 5:12 | Huntress |
| 6:35 | Huntress |
| 6:35 | Huntress |
| 6:36 | Huntress |
| 6:36 | Huntress |
| 8:19 | Trueshot Aura |
| 9:05 | Huntress |
| 9:05 | Huntress |
| 9:06 | Huntress |
| 9:07 | Huntress |
| 9:07 | Huntress |
| 9:07 | Huntress |
| 9:10 | Searing Arrows |
| 9:27 | Huntress |
| 9:27 | Huntress |
| 9:50 | Tree of Ages |
| 10:51 | Tree of Life |
| 11:21 | Huntress |
| 11:21 | Huntress |
| 12:11 | Moon Well |
| 12:52 | Wisp |
| 12:52 | Wisp |
| 12:53 | Wisp |
| 12:53 | Wisp |
| 12:54 | Wisp |
| 13:09 | Healing Spray |
| 14:08 | Trueshot Aura |
| 14:29 | Tree of Eternity |
| 14:35 | Ancient of Wind |
| 14:46 | Huntress |
| 14:47 | Huntress |
| 16:08 | Wisp |
| 16:08 | Wisp |
| 16:08 | Wisp |
| 16:08 | Wisp |
| 16:26 | Moon Glaive |
| 16:27 | Sentinel |
| 16:31 | Strength of the Moon |
| 16:32 | Moon Armor |
| 16:49 | Druid of the Talon Adept Training |
| 16:49 | Druid of the Talon |
| 16:49 | Druid of the Talon |
| 16:54 | Wisp |
| 16:55 | Wisp |
| 16:55 | Wisp |
| 16:55 | Wisp |
| 17:09 | Chimaera Roost |
| 17:16 | Ancient of Lore |
| 17:20 | Wisp |
| 17:43 | Wisp |
| 17:43 | Wisp |
| 17:43 | Wisp |
| 17:47 | Ancient of Lore |
| 17:52 | Ancient of Lore |
| 19:04 | Huntress |
| 19:04 | Huntress |
| 19:21 | Huntress |
| 19:22 | Huntress |
| 19:22 | Huntress |
| 19:32 | Chemical Rage |
| 21:25 | Moon Well |
| 21:28 | Moon Well |
| 21:32 | Moon Well |
| 22:28 | Druid of the Talon |
| 22:28 | Druid of the Talon |
| 22:28 | Druid of the Talon |
| 22:28 | Druid of the Talon |
| 22:35 | Dryad |
| 22:35 | Dryad |
| 22:35 | Dryad |
| 22:35 | Dryad |
| 22:35 | Dryad |
| Right click | 1752 |
| Select | 401 |
| Select group | 187 |
| Build/train/purchase | 86 |
| Assign group | 34 |
| Use ability | 17 |
| Resource trade | 13 |
| Minimap ping | 3 |
| Esc | 2 |
| Item give/drop | 1 |
| Remove unit | 1 |



| Acolyte | 12 | 900 | / | 0 |
| Ghoul | 27 | 3240 | / | 0 |
| Obsidian Statue | 2 | 400 | / | 70 |
| Gargoyle | 5 | 875 | / | 150 |
| Meat Wagon | 3 | 690 | / | 150 |
| Crypt Fiend | 13 | 2795 | / | 520 |
| total: | 62 | 8900g | / | 890w |
| Nerubian Tower | 2 | 200 | / | 40 |
| Spirit Tower | 3 | 435 | / | 120 |
| Altar of Darkness | 1 | 180 | / | 50 |
| Crypt | 2 | 400 | / | 100 |
| Ziggurat | 9 | 1350 | / | 450 |
| Graveyard | 1 | 215 | / | 0 |
| Tomb of Relics | 1 | 130 | / | 30 |
| Slaughterhouse | 1 | 140 | / | 135 |
| Temple of the Damned | 1 | 155 | / | 140 |
| Boneyard | 2 | 350 | / | 400 |
| Halls of the Dead | 2 | 640 | / | 420 |
| Black Citadel | 1 | 325 | / | 230 |
| total: | 18 | 2920g | / | 1305w |
| 0:05 | Acolyte |
| 0:05 | Acolyte |
| 0:10 | Altar of Darkness |
| 0:15 | Crypt |
| 0:38 | Ziggurat |
| 1:20 | Ziggurat |
| 1:54 | Graveyard |
| 1:58 | Ghoul |
| 1:58 | Ghoul |
| 1:59 | Ghoul |
| 1:59 | Ghoul |
| 2:59 | Ghoul |
| 2:59 | Ghoul |
| 2:59 | Ghoul |
| 3:05 | Crypt |
| 3:17 | Tomb of Relics |
| 3:45 | Ghoul |
| 3:46 | Ghoul |
| 3:52 | Ziggurat |
| 4:09 | Unholy Strength |
| 4:16 | Unholy Armor |
| 4:39 | Ghoul |
| 4:41 | Ghoul |
| 4:41 | Ghoul |
| 4:45 | Ghoul |
| 4:45 | Ghoul |
| 5:07 | Ziggurat |
| 5:24 | Ghoul |
| 5:24 | Ghoul |
| 5:28 | Cannibalize |
| 6:40 | Ghoul |
| 6:40 | Ghoul |
| 6:45 | Acolyte |
| 6:45 | Acolyte |
| 6:46 | Acolyte |
| 6:46 | Acolyte |
| 6:46 | Acolyte |
| 6:49 | Halls of the Dead |
| 7:31 | Silence |
| 8:19 | Ghoul |
| 9:52 | Black Citadel |
| 10:00 | Slaughterhouse |
| 10:10 | Temple of the Damned |
| 10:22 | Black Arrow |
| 10:34 | Improved Unholy Strength |
| 10:34 | Creature Attack |
| 10:34 | Creature Carapace |
| 10:40 | Ghoul |
| 10:40 | Ghoul |
| 10:52 | Ziggurat |
| 11:12 | Obsidian Statue |
| 11:13 | Obsidian Statue |
| 12:40 | Vampiric Aura |
| 13:00 | Burrow |
| 13:11 | Ghoul |
| 13:11 | Ghoul |
| 13:27 | Acolyte |
| 13:28 | Acolyte |
| 13:28 | Acolyte |
| 13:28 | Acolyte |
| 13:29 | Acolyte |
| 13:58 | Carrion Beetles |
| 15:48 | Advanced Unholy Strength |
| 15:49 | Improved Unholy Armor |
| 15:49 | Improved Creature Attack |
| 16:12 | Ghoul |
| 16:12 | Ghoul |
| 16:14 | Ghoul |
| 16:15 | Ghoul |
| 16:37 | Nerubian Tower |
| 16:38 | Spirit Tower |
| 16:40 | Nerubian Tower |
| 16:42 | Spirit Tower |
| 16:48 | Silence |
| 17:12 | Improved Creature Carapace |
| 17:40 | Boneyard |
| 17:54 | Boneyard |
| 18:33 | Gargoyle |
| 18:33 | Gargoyle |
| 18:34 | Stone Form |
| 18:37 | Gargoyle |
| 18:40 | Gargoyle |
| 18:40 | Gargoyle |
| 19:18 | Ziggurat |
| 19:21 | Ziggurat |
| 19:24 | Ziggurat |
| 19:32 | Ziggurat |
| 19:38 | Advanced Unholy Armor |
| 19:49 | Sleep |
| 20:43 | Spirit Tower |
| 21:20 | Exhume Corpses |
| 21:38 | Meat Wagon |
| 21:38 | Meat Wagon |
| 21:38 | Meat Wagon |
| 25:08 | Crypt Fiend |
| 25:08 | Crypt Fiend |
| 25:08 | Crypt Fiend |
| 25:08 | Crypt Fiend |
| 25:08 | Web |
| 25:13 | Crypt Fiend |
| 25:13 | Crypt Fiend |
| 25:14 | Crypt Fiend |
| 25:14 | Crypt Fiend |
| 25:14 | Crypt Fiend |
| 25:14 | Crypt Fiend |
| 25:16 | Crypt Fiend |
| 25:16 | Crypt Fiend |
| 25:16 | Crypt Fiend |
| 26:16 | Impale |
| Right click | 1537 |
| Select | 360 |
| Select group | 172 |
| Build/train/purchase | 110 |
| Assign group | 14 |
| Remove unit | 11 |
| Resource trade | 10 |
| Minimap ping | 6 |
| Misc. action | 5 |
| Use ability | 5 |
| Chat | 4 |



| Scroll of Regeneration | 1 | 100 |
| total: | 1 | 100g |
| Peasant | 13 | 975 | / | 0 |
| Footman | 12 | 1620 | / | 0 |
| Rifleman | 1 | 205 | / | 30 |
| Spell Breaker | 5 | 1075 | / | 150 |
| Knight | 2 | 490 | / | 120 |
| Priest | 3 | 405 | / | 30 |
| Mortar Team | 3 | 540 | / | 210 |
| Siege Engine | 2 | 390 | / | 120 |
| total: | 41 | 5700g | / | 660w |
| Scout Tower | 7 | 210 | / | 140 |
| Arcane Tower | 1 | 70 | / | 50 |
| Guard Tower | 4 | 280 | / | 200 |
| Altar of Kings | 1 | 180 | / | 50 |
| Farm | 13 | 1040 | / | 260 |
| Barracks | 1 | 160 | / | 60 |
| Arcane Vault | 1 | 130 | / | 30 |
| Lumber Mill | 1 | 120 | / | 0 |
| Blacksmith | 2 | 280 | / | 120 |
| Town Hall | 3 | 1155 | / | 615 |
| Arcane Sanctum | 2 | 300 | / | 280 |
| Workshop | 2 | 280 | / | 280 |
| Keep | 2 | 640 | / | 420 |
| Castle | 1 | 360 | / | 210 |
| total: | 33 | 3855g | / | 1835w |
| 0:04 | Peasant |
| 0:07 | Altar of Kings |
| 0:13 | Peasant |
| 0:22 | Farm |
| 0:34 | Barracks |
| 0:36 | Peasant |
| 0:37 | Peasant |
| 0:55 | Peasant |
| 1:02 | Farm |
| 1:07 | Peasant |
| 1:30 | Peasant |
| 1:38 | Footman |
| 1:43 | Farm |
| 1:59 | Footman |
| 2:01 | Arcane Vault |
| 2:11 | Summon Water Elemental |
| 2:13 | Footman |
| 2:23 | Footman |
| 2:53 | Footman |
| 3:03 | Black Arrow |
| 3:06 | Footman |
| 3:18 | Farm |
| 3:33 | Keep |
| 3:50 | Defend |
| 4:47 | Footman |
| 5:11 | Footman |
| 5:15 | Lumber Mill |
| 5:18 | Scroll of Regeneration |
| 5:26 | Farm |
| 6:21 | Footman |
| 6:30 | Improved Lumber Harvesting |
| 6:34 | Arcane Sanctum |
| 6:36 | Scout Tower |
| 7:28 | Arcane Tower |
| 7:33 | Footman |
| 7:41 | Blacksmith |
| 7:44 | Blacksmith |
| 8:07 | Footman |
| 8:21 | Peasant |
| 8:22 | Peasant |
| 8:49 | Footman |
| 8:59 | Black Gunpowder |
| 9:00 | Rifleman |
| 9:04 | Castle |
| 9:07 | Arcane Sanctum |
| 9:21 | Advanced Lumber Harvesting |
| 9:29 | Town Hall |
| 9:32 | Town Hall |
| 9:46 | Brilliance Aura |
| 10:15 | Spell Breaker |
| 10:37 | Workshop |
| 10:42 | Summon Water Elemental |
| 10:46 | Peasant |
| 11:11 | Iron Forged Swords |
| 11:36 | Knight |
| 11:39 | Control Magic |
| 11:44 | Farm |
| 11:45 | Farm |
| 11:48 | Peasant |
| 11:48 | Peasant |
| 12:02 | Storm Bolt |
| 12:11 | Spell Breaker |
| 12:49 | Spell Breaker |
| 12:59 | Magic Sentry |
| 13:01 | Steel Forged Swords |
| 13:27 | Priest Adept Training |
| 13:52 | Bash |
| 13:55 | Peasant |
| 13:57 | Improved Masonry |
| 13:59 | Animal War Training |
| 14:01 | Priest |
| 14:04 | Priest |
| 14:06 | Spell Breaker |
| 14:09 | Mortar Team |
| 14:32 | Knight |
| 14:34 | Priest Master Training |
| 14:34 | Priest |
| 14:34 | Spell Breaker |
| 15:30 | Farm |
| 15:31 | Farm |
| 15:33 | Farm |
| 15:34 | Farm |
| 15:36 | Farm |
| 15:37 | Farm |
| 15:52 | Flare |
| 16:31 | Siege Engine |
| 16:32 | Barrage |
| 16:41 | Storm Bolt |
| 16:51 | Workshop |
| 16:52 | Mithril Forged Swords |
| 17:02 | Scout Tower |
| 17:03 | Scout Tower |
| 17:03 | Scout Tower |
| 17:04 | Scout Tower |
| 17:05 | Scout Tower |
| 17:06 | Scout Tower |
| 17:14 | Siege Engine |
| 17:36 | Guard Tower |
| 17:40 | Advanced Masonry |
| 17:42 | Mortar Team |
| 18:10 | Guard Tower |
| 18:38 | Brilliance Aura |
| 18:45 | Fragmentation Shards |
| 18:46 | Mortar Team |
| 19:30 | Guard Tower |
| 19:32 | Guard Tower |
| 21:02 | Keep |
| 22:24 | Town Hall |
| Right click | 1600 |
| Select | 454 |
| Select group | 352 |
| Build/train/purchase | 119 |
| Misc. action | 79 |
| Assign group | 51 |
| Minimap ping | 33 |
| Use ability | 18 |
| Resource trade | 5 |
| Esc | 2 |
| Remove unit | 1 |